 Dungeon Crawl Stone Soup version 0.20.0-15-g7f486f2 (webtiles) character file.

2107 skittles the Arsonist (level 9, -8/62 HPs)
             Began as a Black Draconian Fire Elementalist on June 10, 2017.
             Mangled by an orc warrior
             ... wielding a +0 glaive
              (22 damage)
             ... while paralysed
             ... on level 6 of the Dungeon.
             The game lasted 00:27:42 (7742 turns).

skittles the Arsonist (DrFE)                        Turns: 7742, Time: 00:27:42

Health: -8/62      AC:  8    Str: 12    XL:     9   Next: 7%
Magic:  5/12       EV:  2    Int: 18    God:
Gold:   409        SH:  0    Dex: 11    Spells: 4/12 levels left

rFire    . . .     SeeInvis .   D - -1 great sword (curse)
rCold    + . .     Gourm    .   (shield currently unavailable)
rNeg     . . .     Faith    .   (armour unavailable)
rPois    .         Spirit   .   (helmet restricted)
rElec    +         Reflect  .   (no cloak)
rCorr    .         Harm     .   (no gloves)
MR       .....                  o - +0 pair of boots
Stlth    ++........             w - amulet of regeneration
Regen    0.6/turn               h - ring of flight
MPRegen  0.2/turn               q - ring of protection from cold

@: paralysed, fainting
A: breathe lightning, unfitting armour, electricity resistance, cold-blooded, AC
+7
a: Breathe Lightning, Evoke Flight


You were on level 6 of the Dungeon.
You were fainting.

You visited 2 branches of the dungeon, and saw 8 of its levels.

You collected 409 gold pieces.

Inventory:

Hand Weapons
 m - a +0 spear of piercing
 y - a +5 great sword
 D - a cursed -1 great sword (weapon)
Armour
 o - a +0 pair of boots (worn)
 r - a +0 shield
Jewellery
 h - a ring of flight (left hand)
 p - an uncursed ring of wizardry
 q - a ring of protection from cold (right hand)
 w - an amulet of regeneration (around neck)
Wands
 d - a wand of iceblast (9/15)
 x - a wand of lightning (5/15)
Scrolls
 e - 2 scrolls of amnesia
 k - 4 scrolls of teleportation
 t - 2 scrolls of recharging
Potions
 c - 2 potions of berserk rage
 f - 2 potions of might
 l - 2 potions of agility
 n - 2 potions of haste
 s - 5 potions of curing
 u - 2 potions of brilliance {unknown}
 v - a potion of lignification {unknown}
 z - a potion of magic {unknown}
 B - a potion of heal wounds {unknown}
Books
 a - a book of Flames

   Spells                             Type                      Level
   a - Flame Tongue                   Conjuration/Fire             1
   b - Throw Flame                    Conjuration/Fire             2
   c - Conjure Flame                  Conjuration/Fire             3
   d - Inner Flame                    Hexes/Fire                   3
   e - Sticky Flame                   Conjuration/Fire             4
   f - Fireball                       Conjuration/Fire             5
Comestibles
 b - 6 bread rations
 g - a royal jelly
 j - 5 meat rations


   Skills:
 - Level 1.7 Dodging
 - Level 1.7 Stealth
 - Level 2.0 Spellcasting
 + Level 8.5 Conjurations
 + Level 9.0 Fire Magic


You had 4 spell levels left.
You knew the following spells:

 Your Spells              Type           Power        Failure   Level  Hunger
a - Flame Tongue          Conj/Fire      ####.        1%          1    #......
b - Conjure Flame         Conj/Fire      ####....     1%          3    ###....
c - Sticky Flame          Conj/Fire      ####....     4%          4    #####..


Dungeon Overview and Level Annotations

Branches:
Dungeon (7/15)             Temple (1/1) D:5

Altars:
Ashenzari
Cheibriados
Dithmenos
Elyvilon
Gozag
Hepliaklqana
Kikubaaqudgha
Makhleb
Nemelex Xobeh
Okawaru
Sif Muna
Trog
Uskayaw
Xom
Yredelemnul
Zin
The Shining One

Shops:
D:4 =


Innate Abilities, Weirdness & Mutations

You can breathe wild blasts of lightning.
Your glossy black scales are hard. (AC +7)
You cannot fit into any form of body armour.
You are resistant to electric shocks. (rElec)
You are cold-blooded and may be slowed by cold attacks.


Message History

Your tail-slap misses the hungry ghost.
The hungry ghost hits you.
You feel slightly more hungry.
You closely miss the hungry ghost.
Your tail-slap misses the hungry ghost.
The hungry ghost completely misses you.
You closely miss the hungry ghost. The hungry ghost hits you.
You feel slightly more hungry. The hungry ghost hits you.
You feel slightly more hungry.
You miss the hungry ghost.
You lose consciousness!
The hungry ghost hits you.
You feel slightly more hungry. The hungry ghost hits you.
You feel slightly more hungry. The hungry ghost hits you.
You feel slightly more hungry. The orc warrior barely misses you.
The hungry ghost hits you.
You feel slightly more hungry.
The orc warrior hits you from afar with a glaive!!
* * * LOW HITPOINT WARNING * * *
The hungry ghost hits you.
You feel slightly more hungry. The hungry ghost hits you.
You feel slightly more hungry.
The orc warrior hits you from afar with a glaive!!
You die...

...##....#.####+####.###
...##....##..##.##..##
)...#.....###.....###
...........####.###
#..##......[..#.#
#..##...........##
.#.#######>..<...#
...........>.....#
##..##.#..)..###@#
#.............oW.#
#.....##.....#####
#...######....##
#..#'#..#'#....#
#..##.##.##..#.#
#.##.#..#.##.#.#
..##.#..#.##.#.#
...##.##.##....#


You could see a hungry ghost and an orc warrior.

Vanquished Creatures
  A two-headed ogre (D:4)
  A water moccasin (D:6)
  A black bear (D:6)
  A phantom (D:4)
  3 centaurs
  A bullfrog (D:3)
  A scorpion (D:4)
  4 crimson imps
  A centaur zombie (D:7)
  A quasit (D:7)
  A jelly (D:5)
  2 orc priests
  2 hounds (D:5)
  4 orc wizards
  A bullfrog skeleton (D:7)
  Natasha (thrice) (D:2)
  4 worker ants
  3 gnolls (D:6)
  2 adders (D:3)
  2 shadow imps
  An ooze (D:4)
  2 worms
  2 dart slugs (D:4)
  2 leopard geckos
  22 orcs
  A ball python (D:2)
  5 bats
  5 giant cockroaches
  10 goblins
  8 hobgoblins
  9 jackals
  3 quokkas
  A ball python skeleton (D:4)
  6 frilled lizards
  2 kobolds
  A leopard gecko skeleton (D:4)
  2 quokka skeletons
  A quokka zombie (D:7)
  19 rats
141 creatures vanquished.

Vanquished Creatures (others)
  A worm (D:4)
1 creature vanquished.

Grand Total: 142 creatures vanquished

Notes
Turn   | Place    | Note
-------+----------+-------------------------------------------
     0 | D:1      | skittles the Draconian Fire Elementalist began the quest for the Orb.
     0 | D:1      | Reached XP level 1. HP: 14/14 MP: 3/3
   161 | D:1      | Reached XP level 2. HP: 19/20 MP: 0/5
   348 | D:1      | HP: 1/20 [goblin/dagger (3)]
  1106 | D:2      | Noticed Natasha
  1106 | D:2      | Reached XP level 3. HP: 26/26 MP: 6/6
  1113 | D:2      | Killed Natasha
  1206 | D:2      | Reached skill level 4 in Fire Magic
  1269 | D:2      | Noticed Natasha
  1275 | D:2      | Killed Natasha
  1275 | D:2      | Reached XP level 4. HP: 31/33 MP: 4/7
  1414 | D:2      | Noticed Natasha
  1420 | D:2      | Killed Natasha
  1671 | D:3      | Noticed a bullfrog
  1685 | D:3      | Killed a bullfrog
  1685 | D:3      | Reached XP level 5. HP: 16/38 MP: 3/8
  2435 | D:3      | Learned a level 3 spell: Conjure Flame
  2440 | D:3      | Learned a level 4 spell: Sticky Flame
  2602 | D:3      | Reached skill level 5 in Fire Magic
  3036 | D:4      | Found Evvai's Jewellery Emporium.
  3482 | D:4      | Reached XP level 6. HP: 36/45 MP: 3/9
  3975 | D:4      | HP: 2/45 [poisoned by a worker ant]
  3983 | D:4      | HP: 2/45 [poisoned by a worker ant]
  4295 | D:4      | Noticed a two-headed ogre
  4308 | D:4      | Killed a two-headed ogre
  4308 | D:4      | Reached skill level 7 in Fire Magic
  4308 | D:4      | Your scales start taking on a glossy black colour.
  4308 | D:4      | Reached XP level 7. HP: 9/50 MP: 5/10
  4308 | D:4      | Gained mutation: You are resistant to electric shocks. (rElec) [Black Draconian growth]
  4308 | D:4      | Reached XP level 8. HP: 11/57 MP: 5/11
  4829 | D:4      | Found a snail-covered altar of Cheibriados.
  4869 | D:5      | Entered Level 5 of the Dungeon
  5113 | D:5      | Found a staircase to the Ecumenical Temple.
  5122 | Temple   | Entered the Ecumenical Temple
  5681 | D:5      | Found a glowing golden altar of the Shining One.
  5781 | D:5      | Found a snail-covered altar of Cheibriados.
  5781 | D:5      | Found an iron altar of Okawaru.
  5781 | D:5      | Found a sparkling altar of Nemelex Xobeh.
  5781 | D:5      | Found a hazy altar of Hepliaklqana.
  5781 | D:5      | Found a white marble altar of Elyvilon.
  5784 | D:5      | Found an opulent altar of Gozag.
  5905 | D:5      | Reached skill level 8 in Fire Magic
  7357 | D:7      | Reached XP level 9. HP: 60/62 MP: 12/12
  7535 | D:6      | Reached skill level 9 in Fire Magic
  7738 | D:6      | Paralysed by fainting for 5 turns
  7742 | D:6      | Mangled by an orc warrior

Skill      XL: |  1  2  3  4  5  6  7  8  9 |
---------------+----------------------------+-----
Conjurations   | 2 3 4 6 8 |  8.5
Fire Magic     | 4 5 7 8 9 |  9.0
Dodging        | |  1.7
Stealth        | |  1.7
Spellcasting   | |  2.0

Action                   |  1- 3 |  4- 6 |  7- 9 || total
-------------------------+-------+-------+-------++-------
Melee: Unarmed           |    29 |       |       ||    29
       Tailslap          |    14 |    15 |    30 ||    59
       Dagger            |    51 |       |       ||    51
       Spear             |    10 |   162 |    40 ||   212
       Great sword       |       |       |   203 ||   203
 Cast: Flame Tongue      |    25 |    47 |    43 ||   115
       Conjure Flame     |       |     1 |     1 ||     2
       Sticky Flame      |       |     2 |    11 ||    13
  Use: Scroll            |       |       |    13 ||    13
 Stab: Sleeping          |       |     3 |     2 ||     5
  Eat: Chunk             |     2 |     9 |    13 ||    24
       Royal jelly       |       |     1 |     2 ||     3
Armor: Skin              |    27 |    54 |   161 ||   242
Dodge: Dodged            |    56 |   112 |   229 ||   397
       Rpst.: Great sword |       |       |    74 ||    74
